 Dungeon Crawl Stone Soup version 0.19-a0-1071-g4ed3155 (webtiles) character file.

32 JustSomeDude the Skirmisher (level 3, -2/34 HPs)
             Began as a Naga Monk on Aug 4, 2016.
             Slain by a giant gecko (3 damage)
             ... on level 2 of the Dungeon on Aug 5, 2016.
             The game lasted 00:05:18 (1136 turns).

JustSomeDude the Skirmisher (Naga Monk)             Turns: 1136, Time: 00:05:19

Health: -2/34      AC:  2    Str: 13    XL:     3   Next: 27%
Magic:  3/3        EV: 11    Int: 10    God:
Gold:   58         SH:  0    Dex: 14    Spells: 0 memorised, 2 levels left

rFire  . . .     SeeInvis +     m - +1 short sword (venom)
rCold  . . .     Gourm    .     b - +0 robe
rNeg   . . .     Faith    .     (no shield)
rPois  +         Spirit   .     (no helmet)
rElec  .         Dismiss  .     (no cloak)
rCorr  .         Reflect  .     (no gloves)
SustAt .         Harm     .     (no barding)
MR     .....                    (no amulet)
Stlth  +++.......               (no ring)
                                (no ring)

@: very slow
A: see invisible, deformed body, poison resistance, slowness 2, slow metabolism
1, spit poison 2, AC +1
a: Spit Poison


You were on level 2 of the Dungeon.
You were hungry.

You visited 1 branch of the dungeon, and saw 2 of its levels.

You collected 58 gold pieces.

Inventory:

Hand Weapons
 a - a +0 hand axe
 l - a +1 short sword of speed
 m - a +1 short sword of venom (weapon)
Armour
 b - a +0 robe (worn)
Jewellery
 j - an uncursed ring of fire {unknown}
Scrolls
 d - a scroll of recharging {unknown}
 e - a scroll of blinking {unknown}
 h - 2 scrolls of identify {unknown}
 i - a scroll of enchant weapon {unknown}
 n - a scroll of remove curse {unknown}
 p - a scroll of teleportation {unknown}
Potions
 o - a potion of curing {unknown}
Comestibles
 c - a bread ration
 f - 2 slices of pizza
 g - a meat ration
 k - a chunk of flesh


   Skills:
 + Level 3.4 Fighting
 * Level 0.8 Short Blades
 - Level 3.2 Axes
 + Level 2.7 Dodging
 * Level 3.2 Stealth


You had 2 spell levels left.
You didn't know any spells.

Dungeon Overview and Level Annotations

Branches:
Dungeon (2/15)

Altars:


Innate Abilities, Weirdness & Mutations

You cannot wear boots.
Your serpentine skin is tough. (AC +1)
You have supernaturally acute eyesight. (SInv)
Armour fits poorly on your strangely shaped body.
Your system is resistant to poisons. (rPois)
You cover ground very slowly.
You have a slow metabolism.
You can spit poison.


Message History

You are too injured to fight recklessly!
There are monsters nearby!
You are too injured to fight recklessly!
There are monsters nearby!
You are too injured to fight recklessly!
There are monsters nearby!
You are too injured to fight recklessly!
There are monsters nearby!
You are too injured to fight recklessly!
There are monsters nearby!
You are too injured to fight recklessly!
There are monsters nearby!
The giant gecko bites you.
* * * LOW HITPOINT WARNING * * *
The rat bites you but does no damage. The giant gecko bites you.
* * * LOW HITPOINT WARNING * * *
The giant gecko barely misses you. The giant gecko bites you.
You die...

......<.. .....### #......#.##
........###..... ####.........##
............##.. .##..........##
................##.............##
..........# #....#..............
..........#####.#..##...........#
..............#.....!.....!..
...........##.##†lr..........
.........#..#...@#...........
.........<.....#.###.........
#.######.##.##.#.# #......... ..#
#...##....%.............
#####..###...................
###.... ....................
....## ..$.##......##.......
.##.## ....###.####.. #......
.....###..# ..# #l


You could see a giant gecko and a rat.

Vanquished Creatures
  An adder (D:2)
  A dart slug (D:1)
  A giant gecko (D:1)
  4 bats
  A giant cockroach (D:1)
  2 goblins
  A hobgoblin (D:1)
  5 kobolds
  A quokka (D:2)
  3 rats
  A bush (D:1)
21 creatures vanquished.

Notes
Turn   | Place    | Note
-------+----------+-------------------------------------------
     0 | D:1      | JustSomeDude the Naga Monk began the quest for the Orb.
     0 | D:1      | Reached XP level 1. HP: 21/21 MP: 1/1
    78 | D:1      | Upgraded the game from 0.19-a0-1068-g99dd0f4 to 0.19-a0-1071-g4ed3155
   121 | D:1      | Reached XP level 2. HP: 11/28 MP: 2/2
  1096 | D:2      | Reached XP level 3. HP: 14/34 MP: 3/3
  1134 | D:2      | HP: 1/34 [giant gecko (3)]
  1136 | D:2      | Slain by a giant gecko

Vault maps used:
D:1:      dpeg_arrival_shrine, minmay_hedge_maze
D:2:      minivault_19

Action                   || total
-------------------------++-------
Melee: Hand axe          ||    49
       Short sword       ||    63
 Abil: Spit Poison       ||     3
 Stab: Sleeping          ||     3
Armor: Robe              ||    17
Dodge: Dodged            ||    55
